 Dungeon Crawl Stone Soup version 0.17.0 (webtiles) character file.

69 imganon the Chopper (level 4, 0/35 HPs)
             Began as a Demonspawn Berserker on Nov 6, 2015.
             Was a Believer of Trog.
             Slain by a hobgoblin
             ... wielding a +0 club
              (2 damage)
             ... on level 2 of the Dungeon.
             The game lasted 00:01:56 (1386 turns).

imganon the Chopper (Demonspawn Berserker)          Turns: 1386, Time: 00:01:56

Health: 0/35       AC:  5    Str: 19    XL:     4   Next: 2%
Magic:  4/4        EV: 12    Int:  8    God:    Trog [**....]
Gold:   82         SH:  0    Dex: 12    Spells: 0 memorised, 3 levels left

rFire  . . .     SeeInvis .     a - +0 hand axe
rCold  . . .     Clarity  .     b - +0 animal skin
rNeg   . . .     SustAt   .     (no shield)
rPois  .         Gourm    .     (no helmet)
rElec  .         Spirit   .     (no cloak)
rCorr  .         Warding  .     e - +2 pair of gloves
rMut   .         Stasis   .     (no boots)
MR     .....                    (no amulet)
Stlth  ++........               (no ring)
                                (no ring)

@: not resistant to hostile enchantments, unstealthy
A: claws 1, nightstalker 1
a: Berserk, Trog's Hand, Burn Spellbooks, Renounce Religion


You were on level 2 of the Dungeon.
You worshipped Trog.
Trog was pleased with you.
You were near starving.

You visited 1 branch of the dungeon, and saw 2 of its levels.

You collected 82 gold pieces.

Inventory:

Hand Weapons
 a - a +0 hand axe (weapon)
Armour
 b - a +0 animal skin (worn)
 e - a +2 pair of gloves (worn)
Jewellery
 k - an uncursed amulet of stasis {unknown}
Scrolls
 d - a scroll of immolation {unknown}
 g - 2 scrolls of identify {unknown}
 h - a scroll of teleportation {unknown}
 l - a scroll of magic mapping {unknown}
Potions
 f - a potion of magic {unknown}
 i - a potion of ambrosia {unknown}
 j - a potion of experience {unknown}
 m - a potion of agility {unknown}
Comestibles
 c - a bread ration


   Skills:
 - Level 3.0 Fighting
 + Level 4.4 Axes
 - Level 1.7 Armour
 - Level 1.7 Dodging


You had 3 spell levels left.
You didn't know any spells.

Dungeon Overview and Level Annotations

Branches:
Dungeon (2/15)

Altars:


Innate Abilities, Weirdness & Mutations

You have sharp fingernails.
You are slightly more attuned to the shadows.


Message History

The bat barely misses you. The hobgoblin hits you with a club.
* * * LOW HITPOINT WARNING * * *
The bat barely misses you. The bat closely misses you.
The hobgoblin closely misses you. The hobgoblin misses you.
The bat hits you but does no damage. The bat completely misses you.
The hobgoblin hits you but does no damage.
The hobgoblin barely misses you. The bat misses you. The bat barely misses you.
The hobgoblin hits you but does no damage.
The bat closely misses you. The hobgoblin closely misses you.
The bat barely misses you. The bat barely misses you.
The hobgoblin hits you with a club.
* * * LOW HITPOINT WARNING * * *
The bat barely misses you. The hobgoblin closely misses you. The bat hits you.
* * * LOW HITPOINT WARNING * * *
The bat barely misses you. The hobgoblin hits you with a club.
You die...

.##...# ..
.........####.#
.##...#
##......###........#
......#
#..#....##........##
###.###
............#####.#
#.# ........##..
#.###### #.#
............
#....... #.#
........###.
#.###### ###.#
......bg# #.#####.#
....# #@# #.......#
##.... #.# ####.####
....## #.# #.# #####
#.# #.#
##############.# #†#
#..............# #.#
#.############## #.#
#.# #.# #.# ######.#


You could see a hobgoblin and a bat.

Vanquished Creatures
  4 adders (D:2)
  A giant gecko (D:2)
  A ball python (D:2)
  A hobgoblin (D:1)
  4 jackals (D:1)
  5 kobolds
  A quokka (D:2)
  2 bats (D:2)
  2 giant cockroaches (D:1)
  3 giant newts
  3 goblins
  7 rats
34 creatures vanquished.

Notes
Turn   | Place    | Note
--------------------------------------------------------------
     0 | D:1      | imganon the Demonspawn Berserker began the quest for the Orb.
     0 | D:1      | Reached XP level 1. HP: 18/18 MP: 1/1
   212 | D:1      | Gained mutation: You have sharp fingernails. [demonic ancestry]
   212 | D:1      | Reached XP level 2. HP: 20/24 MP: 2/2
   569 | D:2      | Reached XP level 3. HP: 29/29 MP: 3/3
   579 | D:2      | Reached ** piety under Trog
   597 | D:2      | Reached skill level 4 in Axes
  1328 | D:2      | Gained mutation: You are slightly more attuned to the shadows. [demonic ancestry]
  1328 | D:2      | Reached XP level 4. HP: 33/35 MP: 4/4
  1386 | D:2      | Slain by a hobgoblin

Action                   |  1- 3 |  4- 6 || total
-------------------------+-------+-------++-------
Melee: Hand axe          |   128 |     9 ||   137
 Stab: Sleeping          |     1 |       ||     1
